 Dungeon Crawl Stone Soup version 0.31-a0-4-gefa6de2278 (webtiles) character file.

Game seed: 18224835604913242414

164 Pimp the Chiller (level 5, -2/37 HPs)
             Began as a Demonspawn Ice Elementalist on May 4, 2023.
             Slain by Crazy Yiuf
             ... wielding a +2 quarterstaff of chaos
              (11 damage)
             ... on level 3 of the Dungeon.
             The game lasted 00:12:35 (3394 turns).

Pimp the Chiller (Demonspawn Ice Elementalist)      Turns: 3394, Time: 00:12:36

Health: -2/37      AC:  9    Str:  8    XL:     5   Next: 21%
Magic:  6/9        EV: 15    Int: 18    God:
Gold:   137        SH:  0    Dex: 14    Spells: 5/9 levels left

rFire   . . .        i - +3 short sword
rCold   . . .        (no shield)
rNeg    . . .        u - +3 ring mail
rPois   .            (no helmet)
rElec   .            (no cloak)
rCorr   .            (no gloves)
SInv    .            h - +0 pair of boots
Will    .....        (no amulet)
Stlth   +            d - +5 ring of evasion
HPRegen 0.26/turn    (no ring)
MPRegen 0.11/turn

%: no passive effects
@: lethally poisoned (-2 -> -8), freezing walls
A: hooves 1, demonic guardian 2, foul stench 1
a: no special abilities


You were on level 3 of the Dungeon.
You visited 1 branch of the dungeon, and saw 3 of its levels.
You also visited: Sewer.

You collected 137 gold pieces.

Inventory:

Hand Weapons
 i - a +3 short sword (weapon)
Armour
 a - a +0 robe
 c - a +0 leather armour
 h - a +0 pair of boots (worn)
 l - a +0 scale mail
 u - a +3 ring mail (worn)
Magical Staves
 k - a staff of poison
Jewellery
 d - a +5 ring of evasion (left hand)
 j - an amulet of the acrobat
Wands
 v - a wand of iceblast (13)
Scrolls
 n - a scroll of teleportation
 p - 4 scrolls of identify
Potions
 b - a potion of magic
 e - 2 potions of ambrosia
 f - 3 potions of flight
 m - a potion of curing
 q - a potion of heal wounds {unknown}
 r - a potion of haste {unknown}
 w - a potion of cancellation {unknown}


   Skills:
 + Level 1.0 Fighting
 + Level 0.7 Short Blades
 * Level 0.9 Armour
 + Level 2.8 Dodging
 - Level 2.5 Stealth
 + Level 2.9 Spellcasting
 + Level 4.1 Ice Magic


You had 5 spell levels left.
You knew the following spells:

 Your Spells              Type           Power      Damage    Failure   Level
a - Freeze                Ice            68%        1d8       9%          1
b - Frozen Ramparts       Ice            34%        1d6       26%         3

Your spell library contained the following spells:

 Spells                   Type           Power      Damage    Failure   Level
 Ozocubu's Armour         Ice            17%        N/A       26%         3
 Ensorcelled Hibernation  Hex/Ice        20%        N/A       32%         2
 Passwall                 Tmut/Erth      1%         N/A       61%         2
 Swiftness                Air            2%         N/A       83%         3
 Summon Ice Beast         Ice/Summ       10%        N/A       91%         4


Dungeon Overview and Level Annotations

Branches:
Dungeon (3/15)              Sewer (visited)

Altars:
Nemelex Xobeh

Shops:
D:2 :

Annotations:
D:3 Crazy Yiuf


Innate Abilities, Weirdness & Mutations

You have large cloven feet.
A demonic guardian rushes to your aid.
You may rarely emit foul miasma when damaged in melee.


Message History

Unknown command.
You start resting.
Crazy Yiuf whimpers, "Iron return to song childish!"
HP restored.
You open the door.
Blink to where?
Press: ? - help, Dir - move target
As you read the scroll of blinking, it crumbles to dust.
Crazy Yiuf says, "Crazy?
Crazy!?
PORCUPINE!"
Casting: Freeze (safe; 9% risk of failure)
Confirm with . or Enter, or press ? or * to list all spells.
The spell is quite dangerous to miscast (26% risk of failure)!
Continue anyway?
Casting: Frozen Ramparts (quite dangerous; 26% risk of failure)
Press: ? - help, Dir - look around, f - activate The walls around you are covered in ice.
Okay, then.
It was a potion of curing.
You feel better.
The wall freezes Crazy Yiuf.
Crazy Yiuf grits, "Two sow King!"
You closely miss Crazy Yiuf.
Crazy Yiuf is moderately wounded.
The wall freezes Crazy Yiuf.
Crazy Yiuf closely misses you.
You hit Crazy Yiuf.
Crazy Yiuf is heavily wounded.
The wall freezes Crazy Yiuf.
Crazy Yiuf hits you with a +2 quarterstaff of chaos!
A demonic guardian appears!
You convulse.
You closely miss Crazy Yiuf. You punch Crazy Yiuf, but do no damage.
Crazy Yiuf is severely wounded.
The wall freezes Crazy Yiuf.
Crazy Yiuf hits you with a +2 quarterstaff of chaos.
You are poisoned.
Your rust devil closely misses Crazy Yiuf.
You barely miss Crazy Yiuf.
Crazy Yiuf is severely wounded.
* * * LOW HITPOINT WARNING * * *
You feel very sick.
The wall freezes Crazy Yiuf.
Crazy Yiuf yells, "Hah!"
Crazy Yiuf hits you with a +2 quarterstaff of chaos!
You die...

...............#
#.#..#
..##...........#
#.##.#
.#####'#.....[.#
#....#
.####..#.......#
######
.####.####.....#
.####.####.....#
.####.#######'##
.####.#######.####
...........##...@#
#####.####..#.##g##
#####.####..#.#.4.##
#####.####.####....#
#####.####.# ##..##
####....>..# ♣....♣
#.......# ♣♣...♣
#.......# ♣♣.♣♣
#.......# ♣♣.♣


You could see Crazy Yiuf (ally target) and a friendly rust devil (summoned).

Vanquished Creatures
  An orc priest (D:3)
  5 adders
  2 worms (D:3)
  2 dart slugs
  7 orcs (D:3)
  8 ball pythons
  6 endoplasms
  5 giant cockroaches
  5 goblins
  4 hobgoblins
  4 jackals (D:1)
  4 kobolds
  5 bats
  6 frilled lizards
  10 rats
74 creatures vanquished.

Vanquished Creatures (others)
  13 plants (D:3)
13 creatures vanquished.

Grand Total: 87 creatures vanquished

Notes
Turn   | Place    | Note
-------+----------+-------------------------------------------
     0 | D:1      | Pimp the Demonspawn Ice Elementalist began the quest for
                  | the Orb.
     0 | D:1      | Reached XP level 1. HP: 13/13 MP: 3/3
   449 | D:1      | Gained mutation: A weak demonic guardian rushes to your
                  | aid. [demonic ancestry]
   449 | D:1      | Reached XP level 2. HP: 18/19 MP: 5/5
  1030 | D:2      | Gained mutation: You may rarely emit foul miasma when
                  | damaged in melee. [demonic ancestry]
  1030 | D:2      | Reached XP level 3. HP: 24/24 MP: 1/6
  1240 | D:2      | Found Ehueqed's Book Boutique.
  1837 | D:3      | Found a glowing drain.
  1846 | Sewer    | Entered a sewer
  1887 | Sewer    | Reached skill level 4 in Ice Magic
  1979 | Sewer    | Gained mutation: You have large cloven feet. [demonic
                  | ancestry]
  1979 | Sewer    | Reached XP level 4. HP: 30/30 MP: 5/7
  2249 | D:3      | Learned a level 3 spell: Frozen Ramparts
  2285 | D:3      | Gained mutation: A demonic guardian rushes to your aid.
                  | [demonic ancestry]
  2285 | D:3      | Reached XP level 5. HP: 36/36 MP: 0/9
  2450 | D:3      | Found a sparkling altar of Nemelex Xobeh.
  2518 | D:3      | Found a runed translucent door.
  2519 | D:3      | Noticed Crazy Yiuf
  2658 | D:3      | Reached skill level 1 in Fighting
  3394 | D:3      | Slain by Crazy Yiuf

Illustrated notes

Levels and vault maps discovered:
D:1:      lemuel_arrival_room, layout_basic
D:2:      layout_loops_ring, serial_shops, nicolae_shop_tiny_glass
D:3:      layout_basic, nemelex_spade_bored_becter,
          cheibrodos_sewer_entry_drain, reono_crystal_passage,
          chequers_big_river, uniq_crazy_yiuf_cottage

Skill      XL: |  1  2  3  4  5 |
---------------+----------------+-----
Stealth        | 2 |  2.5
Dodging        | 2 |  2.8
Ice Magic      | 4 |  4.1
Fighting       | 1 |  1.0
Short Blades   | |  0.7
Armour         | |  0.9
Spellcasting   | |  2.9

Action                     |  1- 3 |  4- 6 || total
---------------------------+-------+-------++-------
  Melee: Short sword       |   125 |   116 ||   241
         Unarmed           |     2 |       ||     2
         Punch             |     1 |     3 ||     4
   Cast: Freeze            |    28 |    12 ||    40
         Frozen Ramparts   |       |     4 ||     4
    Use: Scroll            |     5 |    10 ||    15
         Potion            |       |     1 ||     1
   Stab: Sleeping          |     3 |     1 ||     4
 Armour: Leather armour    |    61 |    10 ||    71
         Ring mail         |       |    11 ||    11
  Dodge: Dodged            |   144 |   104 ||   248

Table legend: (Time is in decaauts)
 A = Elapsed time spent in this place.
 B = Non-inter-level travel time spent in this place.
 C = Inter-level travel time spent in this place.
 D = Time resting spent in this place.
 E = Time spent auto-exploring this place.
 F = Levels seen in this place.
 G = Mean time per level.
                   A        B        C        D        E       F      G
               +--------+--------+--------+--------+--------+-----+--------+
         Total |   3442 |   3358 |     84 |    546 |   1989 |   4 |  860.5 |
       Dungeon |   3065 |   2981 |     84 |    492 |   1819 |   3 | 1021.7 |
         Sewer |    377 |    377 |      0 |     54 |    170 |   1 |  377.0 |
               +--------+--------+--------+--------+--------+-----+--------+

Top non-repeatable levels by time:
     D:3: 1231 daAuts
     D:1: 1016 daAuts
     D:2: 817 daAuts
   Sewer: 377 daAuts
